 Dungeon Crawl Stone Soup version 0.29.1-1-gd02db6906a (webtiles) character file.

Game seed: 17690421175828082821

48 Demigod47 the Trooper (level 3, -2/30 HPs)
             Began as a Demonspawn Abyssal Knight on Oct 10, 2022.
             Was a Believer of Lugonu.
             Slain by a gnoll
             ... wielding a +0 club
              (6 damage)
             ... on level 2 of the Dungeon.
             The game lasted 00:02:16 (1899 turns).

Demigod47 the Trooper (Demonspawn Abyssal Knight)   Turns: 1899, Time: 00:02:17

Health: -2/30      AC:  3    Str: 13    XL:     3   Next: 50%
Magic:  4/4        EV: 11    Int: 11    God:    Lugonu [**....]
Gold:   90         SH:  0    Dex: 15    Spells: 2/2 levels left

rFire   . . .      SeeInvis .   a - +1 short sword
rCold   . . .      Faith    .   (no shield)
rNeg    . . .      Spirit   .   b - +0 leather armour
rPois   .          Reflect  .   (no helmet)
rElec   .          Harm     .   (no cloak)
rCorr   .          Rampage  .   (no gloves)
Will    .....                   (no boots)
Stlth   +.........              (no amulet)
HPRegen 0.10/turn               (no ring)
MPRegen 0.09/turn               (no ring)

@: no status effects
A: powered by pain 1, passive freeze
a: Renounce Religion, Depart the Abyss, Bend Space


You were on level 2 of the Dungeon.
You worshipped Lugonu.
Lugonu was pleased with you.
You visited 1 branch of the dungeon, and saw 2 of its levels.
You visited the Abyss 1 time.

You collected 90 gold pieces.

Inventory:

Hand Weapons
 a - a +1 short sword (weapon)
Armour
 b - a +0 leather armour (worn)
Scrolls
 c - a scroll of enchant weapon {unknown}
 f - 2 scrolls of identify {unknown}
Potions
 e - a potion of might {unknown}
 g - a potion of haste {unknown}


   Skills:
 + Level 3.7 Fighting
 + Level 2.2 Short Blades
 + Level 2.2 Armour
 + Level 1.2 Dodging
 + Level 0.1 Stealth
 + Level 2.5 Invocations


You had 2 spell levels left.
You didn't know any spells.
Your spell library contained the following spells:

 Spells                   Type           Power      Damage    Failure   Level
 Shock                    Conj/Air       0%         1d3       41%         1
 Swiftness                Air            0%         N/A       80%         3
 Airstrike                Air            0%         2d(0-16)  99%         4


Dungeon Overview and Level Annotations

Branches:
Dungeon (2/15)

Altars:


Innate Abilities, Weirdness & Mutations

You sometimes gain a little power by taking damage.
A frigid envelope surrounds you and freezes all who hurt you.


Message History

The giant cockroach bites you but does no damage.
Space bends violently around you!
You blink.
Space bends violently around you!
You blink.
There is an open door here.
You open the door. The gnoll closely misses you.
There is an open door here.
It was a potion of mutation.
You feel extremely strange.
Your skin feels very cold.
The gnoll hits you from afar with a +0 spear.
* * * LOW HITPOINT WARNING * * *
It was a potion of heal wounds.
You feel much better.
The gnoll hits you from afar with a +0 spear!
The gnoll hits you with a +0 spear.
The gnoll is very cold.
The gnoll is heavily wounded.
You closely miss the gnoll.
The gnoll is heavily wounded.
The gnoll hits you with a +0 spear.
The gnoll is very cold.
You kill the gnoll!
Lugonu accepts your kill.
You closely miss the giant cockroach.
The giant cockroach bites you but does no damage.
The giant cockroach is very cold.
You kill the giant cockroach!
Lugonu accepts your kill. The gnoll barely misses you.
The gnoll hits you from afar with a +0 spear.
* * * LOW HITPOINT WARNING * * *
You see here a +0 spear.
You barely miss the gnoll.
The gnoll is moderately wounded.
The gnoll hits you from afar with a +0 spear.
* * * LOW HITPOINT WARNING * * *
The gnoll hits you with a +0 club.
* * * LOW HITPOINT WARNING * * *
The gnoll is very cold.
The gnoll is almost dead.
Okay, then.
The gnoll hits you with a +0 club.
You die...

.........#####.......######..####
####.##### ##.....###.........#
#.# ##...## #.####.##.# #.# ##'##
#.# ##.##.# #.# #.# #.###...#.#
#.# #.# #.##...#..# ###.## #####
###g## #.........# #....#
#...###..g.## #####..#### #.#..#
#.......@...# #.## #.#..#
#..<##.....## #.#
#.#..####.##.......#######.#
#.#.......###(.............#
#.##.###### ##...###########
#.##.# ##.## #....# ### ######


You could see 2 gnolls.

Vanquished Creatures
  2 gnolls
  An adder (D:2)
  4 ball pythons (D:1)
  3 endoplasms
  4 giant cockroaches (D:2)
  A goblin (D:2)
  A bat (D:2)
  A kobold (D:1)
  A rat (D:1)
18 creatures vanquished.

Notes
Turn   | Place    | Note
-------+----------+-------------------------------------------
     0 | Abyss:1  | Demigod47 the Demonspawn Abyssal Knight began the quest for
                  | the Orb.
     0 | Abyss:1  | Reached XP level 1. HP: 18/18 MP: 2/2
     1 | D:1      | Escaped the Abyss
    33 | D:1      | Gained mutation: You sometimes gain a little power by
                  | taking damage. [demonic ancestry]
    33 | D:1      | Reached XP level 2. HP: 2/24 MP: 3/3
   743 | D:1      | Reached skill level 1 in Dodging
   782 | D:1      | Found a faded altar of an unknown god.
  1173 | D:2      | Reached XP level 3. HP: 10/29 MP: 4/4
  1887 | D:2      | Gained mutation: A frigid envelope surrounds you and
                  | freezes all who hurt you. [potion of mutation]
  1887 | D:2      | HP: 1/30 [gnoll/+0 spear (4)]
  1899 | D:2      | Slain by a gnoll

Illustrated notes

Levels and vault maps discovered:
D:1:      minmay_arrival_four_circles, layout_basic,
          dreamdust_ecumenical_altar_hidden_monk_grotto
D:2:      layout_loops_corners, kennysheep_generic_room_8

Skill      XL: |  1  2 |
---------------+-------+-----
Armour         | 2 |  2.2
Dodging        | 1 |  1.2
Short Blades   | 2 |  2.2
Fighting       | |  3.7
Stealth        | |  0.1
Invocations    | |  2.5

Action                   || total
-------------------------++-------
Melee: Short sword       ||    76
       Punch             ||     1
Invok: Bend Space        ||     2
  Use: Potion            ||     2
Armor: Leather armour    ||    30
Dodge: Dodged            ||    64
